 Dungeon Crawl Stone Soup version 0.22-a0-367-gb72a975 (webtiles) character file.

22477 Firecrotchwizard the Fencer (level 12, 0/112 HPs)
             Began as a Minotaur Monk on Apr 22, 2018.
             Was the Champion of Makhleb.
             Slain by a komodo dragon (28 damage)
             ... on level 2 of the Lair of Beasts.
             The game lasted 00:24:52 (12719 turns).

Firecrotchwizard the Fencer (Minotaur Monk)        Turns: 12719, Time: 00:24:53

Health: 0/112      AC:  6    Str: 17    XL:     12   Next: 63%
Magic:  17/17      EV: 19    Int: 12    God:    Makhleb [******]
Gold:   659        SH:  0    Dex: 17    Spells: 11/11 levels left

rFire    + . .     SeeInvis .   K - +7 falchion "Mecyllos" {vamp, *Noise Int+5}
rCold    . . .     Gourm    +   (no shield)
rNeg     . . .     Faith    .   L - +2 scale mail {rPois}
rPois    +         Spirit   .   (helmet restricted)
rElec    .         Reflect  .   J - +2 cloak {rPois}
rCorr    .         Harm     .   (no gloves)
MR       .....                  B - +2 pair of boots
Stlth    +.........             p - amulet of the gourmand {Gourm, !d}
HPRegen  0.28/turn              F - ring of protection from fire {rF+, !d}
MPRegen  0.15/turn              b - +3 ring of evasion

@: corroded
A: retaliatory headbutt, horns 2
a: Minor Destruction, Lesser Servant of Makhleb, Major Destruction, Greater
Servant of Makhleb, Renounce Religion


You were on level 2 of the Lair of Beasts.
You worshipped Makhleb.
Makhleb was exalted by your worship.
You were completely stuffed.

You visited 2 branches of the dungeon, and saw 13 of its levels.

You collected 869 gold pieces.
You spent 210 gold pieces at shops.

Inventory:

Hand Weapons
 K - the +7 falchion "Mecyllos" (weapon) {vamp, *Noise Int+5}
   (You found it on level 9 of the Dungeon)

   It inflicts no extra harm, but heals its wielder when it wounds a living foe.
   It affects your intelligence (+5).
   It may make noises in combat.
 P - a +1 falchion of electrocution
   (You found it on level 7 of the Dungeon)
Missiles
 t - a throwing net {=f, !d}
Armour
 n - a +0 ring mail
   (You found it on level 2 of the Dungeon)
 v - a +0 plate armour
   (You found it on level 3 of the Dungeon)
 B - a +2 pair of boots (worn)
   (You found it on level 4 of the Dungeon)
 J - a +2 cloak of poison resistance (worn)
   (You bought it in a shop on level 9 of the Dungeon)
 L - a +2 scale mail of poison resistance (worn)
   (You took it off an orc on level 8 of the Dungeon)
Jewellery
 b - a +3 ring of evasion (right hand)
   (You found it on level 4 of the Dungeon)
 h - an uncursed ring of stealth {Stlth+}
   (You found it on level 5 of the Dungeon)
 p - an amulet of the gourmand (around neck) {Gourm, !d}
   (You found it on level 2 of the Dungeon)
 x - a +4 amulet of reflection
   (You found it on level 5 of the Dungeon)
 y - an uncursed ring of protection from magic {MR+, !d}
   (You found it on level 6 of the Dungeon)
 F - a ring of protection from fire (left hand) {rF+, !d}
   (You found it on level 9 of the Dungeon)
 H - an uncursed ring of ice {unknown}
   (You found it on level 10 of the Dungeon)
 I - an uncursed ring of ice {unknown}
   (You found it on level 11 of the Dungeon)
 M - an uncursed amulet of regeneration {@e1+regen, !d}
   (You took it off an orc on level 8 of the Dungeon)
Wands
 f - a wand of iceblast (11)
   (You found it on level 1 of the Lair of Beasts)
 O - a wand of flame (25)
   (You found it on level 2 of the Lair of Beasts)
Scrolls
 d - 5 scrolls of identify
 e - 4 scrolls of magic mapping {!r}
 m - 3 scrolls of remove curse
 o - 2 scrolls of fog
 E - a scroll of teleportation
 N - 3 scrolls of fear
 T - a scroll of enchant weapon
Potions
 a - a potion of lignification {unknown}
 g - 3 potions of berserk rage {!q}
 i - 2 potions of ambrosia
 j - a potion of might {unknown}
 k - a potion of resistance {unknown}
 l - 5 potions of brilliance
 q - 2 potions of mutation {!q}
 r - 2 potions of heal wounds
 s - 4 potions of haste
 u - a potion of magic {unknown}
 w - 3 potions of cancellation {unknown}
 z - 7 potions of curing
 A - a potion of degeneration {unknown}
 D - 4 potions of agility
 Q - a potion of flight {unknown}
Miscellaneous
 G - 2 phantom mirrors
Comestibles
 c - 34 rations {@e1}
 C - a chunk of flesh {@w0}


   Skills:
 + Level 12.0 Fighting
 * Level 16.0 Long Blades
 + Level 11.2 Dodging
 - Level 1.5 Stealth
 + Level 8.6 Invocations


You had 11 spell levels left.
You didn't know any spells.

Dungeon Overview and Level Annotations

Branches:
Dungeon (11/15)            Temple (0/1) D:7            Lair (2/6) D:11
 Spider (0/4) Lair:2
  Swamp: Lair:2-4    Shoals: Lair:2-4       Orc: D:9-12

Altars:
Cheibriados
Dithmenos
Elyvilon
Fedhas
Hepliaklqana
Kikubaaqudgha
Makhleb
Nemelex Xobeh
Okawaru
Qazlal
Ru
Sif Muna
Wu Jian
Xom
Zin
Lugonu

Shops:
D:9 [

Annotations:
D:2 exclusion: ogre
D:4 exclusion: Eustachio, Eustachio
D:11 exclusion: orange demon
Lair:2 exclusion: oklob plant


Innate Abilities, Weirdness & Mutations

You reflexively headbutt those who attack you in melee.
You have a pair of horns on your head.


Message History

e - 4 scrolls of magic mapping {!r} (gained 1)
Found a stone staircase leading up.
Some of the chunks of flesh in your inventory have rotted away.
A wolf comes into view.
The wolf howls!
A wolf comes into view.
There are monsters nearby!
A wolf comes into view.
The wolf howls! x2
The wolf closely misses you.
You hit the wolf. The wolf closely misses you. You furiously retaliate!
You headbutt the wolf.
You riposte.
You slash the wolf! The wolf misses you.
You hit the wolf but do no damage. The wolf misses you.
You furiously retaliate!
You headbutt the wolf. The wolf closely misses you.
You slash the wolf!
You kill the wolf!
Makhleb accepts your kill. The wolf misses you.
You hit the wolf. You headbutt the wolf.
The wolf bites you but does no damage. x2
Your scale mail prevents you from hitting the wolf.
The wolf bites you. The wolf completely misses you.
You take 2 damage, and have 110/112 hp.
You slash the wolf!
You feel better. The wolf misses you.
You riposte.
You slash the wolf! The wolf misses you.
Health restored: 112 You hit the wolf.
The wolf barely misses you. The wolf bites you.
You take 1 damage, and have 111/112 hp.
You barely miss the wolf. Your headbutt misses the wolf.
The wolf closely misses you.
You riposte.
You barely miss the wolf. You headbutt the wolf. The wolf closely misses you.
You furiously retaliate!
You headbutt the wolf!
You kill the wolf!
Makhleb accepts your kill.
You feel better.
Health restored: 112 You slash the wolf!
You kill the wolf!
Makhleb accepts your kill.
No target in view!
You butcher the wolf corpse.
C - 24 chunks of flesh {@w0} (gained 1) Some of the chunks of flesh in your inventory have rotted away.
You now have 659 gold pieces (gained 24).
An oklob plant comes into view.
An oklob plant is nearby!
You hit the bush but do no damage. The oklob plant spits acid at you.
The splash of acid hits you! The acid corrodes you!
You are splashed with acid!
The acid burns!
You take 15 damage, and have 97/112 hp.
You hit the bush but do no damage.
Your falchion "Mecyllos" howls with laughter!
You hear an angry hiss.
You hit the bush. You hit the bush but do no damage.
You headbutt the bush, but do no damage.
You hit the bush but do no damage. You hit the bush but do no damage.
Your falchion "Mecyllos" cheers you on.
You headbutt the bush, but do no damage.
You hit the bush but do no damage. You hit the bush but do no damage.
The oklob plant spits acid at you. The splash of acid hits you!
The acid corrodes you!
You are splashed with acid!
The acid burns!
You take 22 damage, and have 76/112 hp.
You hit the bush but do no damage. You hit the bush but do no damage.
You hit the bush but do no damage. You hit the bush.
You hit the bush but do no damage. The oklob plant spits acid at you.
The splash of acid hits you! The acid corrodes you!
You are splashed with acid!
The acid burns!
You take 21 damage, and have 55/112 hp.
You hit the bush but do no damage.
You headbutt the bush, but do no damage.
You start resting.
A komodo dragon comes into view.
A komodo dragon is nearby!
You hit the komodo dragon but do no damage.
Your falchion "Mecyllos" does a drum roll.
You headbutt the komodo dragon, but do no damage.
You hear an angry growl.
You hit the komodo dragon but do no damage.
The komodo dragon bites you!
You take 9 damage, and have 48/112 hp.
You hit the komodo dragon but do no damage.
You hit the komodo dragon. You headbutt the komodo dragon.
The komodo dragon barely misses you.
You hit the komodo dragon but do no damage.
The komodo dragon bites you!!
* * * LOW HITPOINT WARNING * * *
You take 26 damage, and have 23/112 hp.
MASSIVE DAMAGE!!
You hit the komodo dragon but do no damage.
Your headbutt misses the komodo dragon. You hit the komodo dragon.
You feel better.
You headbutt the komodo dragon. The komodo dragon bites you!!
You die...

......##.P##+#.....#...
...................##..
...................##..
...................##..
#P###.#...P####.....#..
## ####..## #......##.
#P= ####..# ##......##
#$.$##.#...##
#......P##
#.??P.#@...P#
#P.....##.
########l..##
##........ ##..#
#........ ...#
#...##... ..... .....
##(. #.......... #..
.........# #.. .......
#.. #..


You could see a komodo dragon.

Vanquished Creatures
  The ghost of pigah the Fighter, a journeyman DrWn of Okawaru (D:11)
  The ghost of
  15 the Blocker, a journeyman MiBe of Trog (Lair:1)
  3 two-headed ogres
  Nergalle (Lair:2)
  An unseen horror (D:11)
  Pikel (D:6)
  A manticore (D:11)
  Psyche (D:8)
  3 komodo dragons
  2 spiny frogs
  A queen bee (D:10)
  A troll (D:9)
  4 polar bears (Lair:2)
  4 hippogriffs
  A vampire (D:11)
  4 hogs (D:8)
  A redback (Lair:2)
  14 yaks
  5 wyverns
  2 basilisks
  A human (D:8)
  Grum (D:8)
  4 hungry ghosts
  An acid dragon (D:11)
  4 water moccasins
  2 porcupines (Lair:1)
  A slave (D:6)
  An ice beast (D:11)
  4 phantoms
  2 sky beasts
  2 ogres
  4 orc warriors
  4 necrophages
  4 black bears
  2 centaurs
  6 wolves
  7 crocodiles
  A big kobold (D:9)
  Blork the orc (D:5)
  6 bullfrogs
  2 wyvern skeletons
  2 scorpions
  39 killer bees
  7 wights
  11 howler monkeys
  4 crimson imps
  2 bullfrog zombies
  2 centaur zombies
  3 orc priests
  5 jellies
  9 hounds
  3 centaur skeletons
  7 orc wizards
  A bullfrog skeleton (D:4)
  Jessica (D:2)
  2 iguanas
  9 worker ants
  Natasha (thrice) (D:2)
  A hound zombie (D:6)
  A hound skeleton (D:4)
  9 adders
  10 gnolls
  3 shadow imps
  3 oozes
  An adder zombie (D:5)
  8 worms
  6 leopard geckos
  32 orcs
  2 ball pythons
  4 bats
  4 giant cockroaches
  A goblin (D:1)
  8 hobgoblins
  9 jackals
  11 kobolds
  A quokka (D:6)
  4 frilled lizards
  12 rats
352 creatures vanquished.

Vanquished Creatures (collateral kills)
  A swamp dragon (Lair:1)
  2 yaks (Lair:2)
  A water moccasin (Lair:1)
  An ogre (D:7)
  A killer bee (D:7)
  An orc priest (D:7)
  An orc (D:7)
8 creatures vanquished.

Vanquished Creatures (others)
  A plant (Lair:1)
1 creature vanquished.

Grand Total: 361 creatures vanquished

Notes
Turn   | Place    | Note
-------+----------+-------------------------------------------
     0 | D:1      | Firecrotchwizard the Minotaur Monk began the quest for the Orb.
     0 | D:1      | Reached XP level 1. HP: 19/19 MP: 0/0
   274 | D:1      | Reached skill level 4 in Long Blades
   289 | D:1      | Reached XP level 2. HP: 26/27 MP: 1/1
   475 | D:1      | Reached skill level 4 in Fighting
   837 | D:2      | Found a shimmering altar of Xom.
   837 | D:2      | Noticed an angel
   841 | D:2      | Reached XP level 3. HP: 30/33 MP: 2/2
   846 | D:2      | Found a glowing silver altar of Zin.
   908 | D:2      | Noticed Natasha
   909 | D:2      | Found a sparkling altar of Nemelex Xobeh.
   914 | D:2      | Killed Natasha
   954 | D:2      | Found a white marble altar of Elyvilon.
  1059 | D:2      | Reached XP level 4. HP: 40/40 MP: 3/3
  1115 | D:2      | Noticed an ogre
  1116 | D:2      | Reached skill level 5 in Long Blades
  1130 | D:2      | Noticed Natasha
  1143 | D:2      | Killed Natasha
  1143 | D:2      | Reached skill level 4 in Dodging
  1161 | D:2      | Found a faded altar of an unknown god.
  1203 | D:2      | Noticed Natasha
  1209 | D:2      | Killed Natasha
  1383 | D:2      | Reached XP level 5. HP: 44/47 MP: 4/4
  1635 | D:2      | Noticed Jessica
  1641 | D:2      | Killed Jessica
  2262 | D:3      | Reached skill level 6 in Long Blades
  2287 | D:3      | Reached skill level 5 in Fighting
  2552 | D:3      | Found a burning altar of Makhleb.
  2564 | D:3      | Became a worshipper of Makhleb the Destroyer
  2564 | D:3      | Reached * piety under Makhleb
  2564 | D:3      | Reached ** piety under Makhleb
  2995 | D:4      | Got a warped robe
  3080 | D:4      | Reached XP level 6. HP: 56/56 MP: 5/5
  3249 | D:4      | Noticed Eustachio
  3623 | D:4      | Reached skill level 7 in Long Blades
  3623 | D:4      | Reached skill level 5 in Dodging
  3772 | D:5      | Entered Level 5 of the Dungeon
  3991 | D:5      | Found a snail-covered altar of Cheibriados.
  3997 | D:5      | Noticed Blork the orc
  4003 | D:5      | Killed Blork the orc
  4003 | D:5      | Reached XP level 7. HP: 48/62 MP: 6/6
  4342 | D:5      | Found a stormy altar of Qazlal.
  4342 | D:5      | Found a hazy altar of Hepliaklqana.
  4653 | D:6      | Reached skill level 6 in Fighting
  4729 | D:6      | Reached skill level 8 in Long Blades
  4802 | D:6      | Reached skill level 6 in Dodging
  4802 | D:6      | Reached XP level 8. HP: 71/71 MP: 7/7
  4823 | D:6      | Reached skill level 9 in Long Blades
  5013 | D:6      | Noticed Pikel
  5024 | D:6      | Killed Pikel
  5024 | D:6      | Reached *** piety under Makhleb
  5024 | D:6      | Reached skill level 7 in Fighting
  5024 | D:6      | Reached skill level 2 in Invocations
  5256 | D:6      | Reached skill level 10 in Long Blades
  5263 | D:6      | Found an iron altar of Okawaru.
  5780 | D:7      | Reached skill level 7 in Dodging
  5780 | D:7      | Reached XP level 9. HP: 52/80 MP: 9/9
  5942 | D:7      | Reached skill level 3 in Invocations
  5947 | D:7      | Reached skill level 8 in Fighting
  6435 | D:7      | Found a blossoming altar of Fedhas.
  6464 | D:7      | Found a staircase to the Ecumenical Temple.
  6494 | D:7      | Found an ornate altar of the Wu Jian Council.
  6659 | D:8      | Reached skill level 11 in Long Blades
  6667 | D:8      | Reached **** piety under Makhleb
  6858 | D:8      | Noticed Psyche
  6941 | D:8      | Killed Psyche
  6941 | D:8      | Reached skill level 4 in Invocations
  6962 | D:8      | Reached skill level 8 in Dodging
  7150 | D:8      | Reached XP level 10. HP: 79/89 MP: 12/12
  7208 | D:8      | Reached skill level 9 in Fighting
  7242 | D:8      | Reached skill level 12 in Long Blades
  7392 | D:8      | Reached skill level 5 in Invocations
  7426 | D:8      | Found an ancient bone altar of Kikubaaqudgha.
  7441 | D:8      | Found a deep blue altar of Sif Muna.
  7445 | D:8      | Noticed a two-headed ogre
  7453 | D:8      | Killed a two-headed ogre
  7506 | D:8      | Found a shadowy altar of Dithmenos.
  7560 | D:8      | Noticed Grum
  7583 | D:8      | Killed Grum
  7721 | D:8      | Found a sacrificial altar of Ru.
  7850 | D:9      | Reached skill level 13 in Long Blades
  7856 | D:9      | Reached skill level 9 in Dodging
  7929 | D:9      | Reached ***** piety under Makhleb
  7943 | D:9      | Reached skill level 10 in Fighting
  8111 | D:9      | Reached skill level 6 in Invocations
  8289 | D:9      | Found Huqiguc's Antique Armour Shop.
  8297 | D:9      | Bought an embroidered cloak for 210 gold pieces
  8625 | D:9      | Reached XP level 11. HP: 96/98 MP: 14/14
  8662 | D:9      | Got a twisted falchion
  8682 | D:9      | Identified the +7 falchion "Mecyllos" {vamp, *Noise Int+5} (You found it on level 9 of the Dungeon)
  8954 | D:10     | Entered Level 10 of the Dungeon
  9229 | D:10     | Reached skill level 14 in Long Blades
  9332 | D:10     | Identified a scroll of acquirement
  9333 | D:10     | Got an ichor-stained triple crossbow
  9334 | D:10     | Identified the +9 triple crossbow of the Reaper {velocity, rElec Str+3} (You acquired it on level 10 of the Dungeon)
 10051 | D:11     | Noticed a two-headed ogre
 10159 | D:11     | Found an ancient bone altar of Kikubaaqudgha.
 10169 | D:11     | Reached skill level 7 in Invocations
 10211 | D:11     | Killed an unseen horror
 10211 | D:11     | Reached skill level 10 in Dodging
 10213 | D:11     | HP: 21/100 [manticore (18)]
 10314 | D:11     | Found a corrupted altar of Lugonu.
 10315 | D:11     | Noticed pigah's ghost (journeyman DrWn)
 10340 | D:11     | Killed pigah's ghost
 10340 | D:11     | Reached skill level 11 in Fighting
 10364 | D:11     | Killed a two-headed ogre
 10683 | D:11     | Reached skill level 15 in Long Blades
 10683 | D:11     | Reached XP level 12. HP: 95/110 MP: 16/16
 10689 | D:11     | Found a staircase to the Lair.
 10832 | D:11     | Noticed a two-headed ogre
 10846 | D:11     | Killed a two-headed ogre
 10983 | Lair:1   | Entered Level 1 of the Lair of Beasts
 11343 | Lair:1   | Noticed 15's ghost (journeyman MiBe)
 11359 | Lair:1   | Killed 15's ghost
 11454 | Lair:1   | Reached skill level 8 in Invocations
 12249 | Lair:2   | Noticed Nergalle
 12267 | Lair:2   | Killed Nergalle
 12287 | Lair:2   | Reached skill level 11 in Dodging
 12289 | Lair:2   | Reached ****** piety under Makhleb
 12361 | Lair:2   | Reached skill level 12 in Fighting
 12396 | Lair:2   | Found a hole to the Spider Nest.
 12423 | Lair:2   | Reached skill level 16 in Long Blades
 12717 | Lair:2   | HP: 23/112 [komodo dragon (26)]
 12719 | Lair:2   | Slain by a komodo dragon

Vault maps used:
D:1:      evilmike_arrival_hilbert_curve, minmay_rat_gold_closets
D:2:      grunt_temple_overflow_order_and_chaos_1,
          nemelex_xobeh_ov_fountains_minmay, chequers_ecumenical_altar_island,
          first_ration, elyvilon_altar_1, uniq_jessica, uniq_natasha
D:3:      hangedman_decor_peaks_small, bloody_makhleb
D:4:      cheibrodos_old_hovel, saegor_snake_ambush, uniq_eustachio
D:5:      gammafunk_temple_overflow_wave, basic_altar, uniq_blork_the_orc
D:6:      marbit_many_paths, minmay_strange_pillars, grunt_decor_clamped,
          uniq_pikel
D:7:      lemuel_round_altar, lemuel_round_altar,
          minmay_temple_entry_from_below_a, kennysheep_generic_room_12
D:8:      nicolae_overflow_crystal_walls, grunt_dithmenos_shadows,
          kennysheep_mini, grunt_livestock, minmay_item_behind_shaft,
          nicolae_ru_path_of_blood, uniq_psyche, uniq_grum
D:9:      serial_shops, shop, hangedman_decor_push, minmay_joined_circles
D:10:     special_room
D:11:     erik_lair_dragon, basic_altar, lemuel_hellish_altar
Lair:1:   hibernation_bobbens
Lair:2:   beast_lair_carwin_large_2, spider_nest_entry_webs,
          minmay_lair_oklob_items, infiniplex_staircase_pool_2, uniq_nergalle

Skill      XL: |  1  2  3  4  5  6  7  8  9 10 11 12 |
---------------+-------------------------------------+-----
Long Blades    | 4 5 6 7 8 10 11 13 15 16 | 16.0
Fighting       | 4 5 6 7 8 10 11 12 | 12.0
Dodging        | 4 5 6 7 8 9 10 11 | 11.2
Invocations    | 2 4 6 7 8 |  8.6
Stealth        | |  1.5

Action                   |  1- 3 |  4- 6 |  7- 9 | 10-12 || total
-------------------------+-------+-------+-------+-------++-------
Melee: Falchion          |    53 |    71 |       |   453 ||   577
       Headbutt          |     9 |    32 |    65 |   192 ||   298
       Dagger            |       |    63 |   380 |   235 ||   678
Invok: Lesser Servant of |       |       |     1 |     5 ||     6
       Minor Destruction |       |       |       |     2 ||     2
  Use: Scroll            |       |     5 |     6 |    19 ||    30
       Potion            |       |       |       |     1 ||     1
 Stab: Sleeping          |     8 |     2 |     6 |       ||    16
       Distracted        |       |       |       |     2 ||     2
  Eat: Chunk             |       |    19 |    13 |    46 ||    78
Armor: Robe              |     5 |     3 |       |       ||     8
       Ring mail         |       |    23 |    95 |       ||   118
       Scale mail        |       |       |       |   171 ||   171
Dodge: Dodged            |    37 |    57 |   258 |   452 ||   804
       Rpst.: Falchion   |    12 |     9 |       |    84 ||   105

Table legend:
 A = Spawn XP
 B = Non-spawn XP
 C = Spawn XP percentage of total XP
 D = Spawn monster count
 E = Non-spawn monster count
 F = Spawn count percentage of total count
 G = Total turns spent on level
                    A         B        C        D         E        F      G
               +---------+---------+-------+---------+---------+-------+---------
         Total |       0 |   32110 |   0.0 |       0 |     359 |   0.0 | 12719
               +---------+---------+-------+---------+---------+-------+---------
           D:1 |       0 |      37 |   0.0 |       0 |      23 |   0.0 |   837
           D:2 |       0 |     210 |   0.0 |       0 |      20 |   0.0 |   924
           D:3 |       0 |      94 |   0.0 |       0 |      14 |   0.0 |  1078
           D:4 |       0 |     276 |   0.0 |       0 |      18 |   0.0 |   933
           D:5 |       0 |     285 |   0.0 |       0 |       8 |   0.0 |   872
           D:6 |       0 |    1751 |   0.0 |       0 |      27 |   0.0 |  1212
           D:7 |       0 |    1511 |   0.0 |       0 |      34 |   0.0 |  1038
           D:8 |       0 |    4661 |   0.0 |       0 |      49 |   0.0 |   879
           D:9 |       0 |    2527 |   0.0 |       0 |      37 |   0.0 |  1245
          D:10 |       0 |    4625 |   0.0 |       0 |      57 |   0.0 |  1281
          D:11 |       0 |    7343 |   0.0 |       0 |      33 |   0.0 |  1002
        Lair:1 |       0 |    3136 |   0.0 |       0 |      12 |   0.0 |   849
        Lair:2 |       0 |    5654 |   0.0 |       0 |      27 |   0.0 |   569
               +---------+---------+-------+---------+---------+-------+---------

Vault maps used:
D:1:      evilmike_arrival_hilbert_curve, minmay_rat_gold_closets
D:2:      grunt_temple_overflow_order_and_chaos_1,
          nemelex_xobeh_ov_fountains_minmay, chequers_ecumenical_altar_island,
          first_ration, elyvilon_altar_1, uniq_jessica, uniq_natasha
D:3:      hangedman_decor_peaks_small, bloody_makhleb
D:4:      cheibrodos_old_hovel, saegor_snake_ambush, uniq_eustachio
D:5:      gammafunk_temple_overflow_wave, basic_altar, uniq_blork_the_orc
D:6:      marbit_many_paths, minmay_strange_pillars, grunt_decor_clamped,
          uniq_pikel
D:7:      lemuel_round_altar, lemuel_round_altar,
          minmay_temple_entry_from_below_a, kennysheep_generic_room_12
D:8:      nicolae_overflow_crystal_walls, grunt_dithmenos_shadows,
          kennysheep_mini, grunt_livestock, minmay_item_behind_shaft,
          nicolae_ru_path_of_blood, uniq_psyche, uniq_grum
D:9:      serial_shops, shop, hangedman_decor_push, minmay_joined_circles
D:10:     special_room
D:11:     erik_lair_dragon, basic_altar, lemuel_hellish_altar
Lair:1:   hibernation_bobbens
Lair:2:   beast_lair_carwin_large_2, spider_nest_entry_webs,
          minmay_lair_oklob_items, infiniplex_staircase_pool_2, uniq_nergalle

Table legend:
 A = Turns spent in this place as a percentage of turns spent in the entire game.
 B = Non-inter-level travel turns spent in this place as a percentage of non-inter-level travel turns spent in the entire game.
 C = Inter-level travel turns spent in this place as a percentage of turns spent in this place.
 D = Turns resting spent in this place as a percentage of non-inter-level travel turns spent in this place.
 E = Turns spent auto-exploring this place as a percentage of non-inter-level travel turns spent in this place.
 F = Non-inter-level travel turns spent in this place divided by the number of levels of this place that you've seen.
                   A       B       C       D       E      F
               +-------+-------+-------+-------+-------+----------------------
         Total | 100.0 | 100.0 |   7.4 |  16.4 |  62.8 | 905.8
       Dungeon |  88.9 |  88.3 |   8.0 |  18.2 |  60.6 | 945.6
          Lair |  11.1 |  11.7 |   3.1 |   2.4 |  80.1 | 687.0
               +-------+-------+-------+-------+-------+----------------------

Table legend:
 A = Kills in this place as a percentage of kills in entire the game.
 B = Kills by you in this place as a percentage of kills by you in the entire game.
 C = Kills by friends in this place as a percentage of kills by friends in the entire game.
 D = Other kills in this place as a percentage of other kills in the entire game.
 E = Experience gained in this place as a percentage of experience gained in the entire game.
 F = Experience gained in this place divided by the number of levels of this place that you have seen.
                   A       B       C       D       E      F
               +-------+-------+-------+-------+-------+----------------------
         Total | 100.0 | 100.0 | 100.0 |   N/A | 100.0 | 2470.0
       Dungeon |  89.1 |  90.0 |  50.0 |   N/A |  72.6 | 2120.0
          Lair |  10.9 |  10.0 |  50.0 |   N/A |  27.4 | 4395.0
               +-------+-------+-------+-------+-------+----------------------
